 Dungeon Crawl Stone Soup version 0.23.1-37-gaa34b87b72 (webtiles) character file.

Game seed: 17210537999100601617

104 Norn the Grasshopper (level 5, 0/35 HPs)
             Began as a Halfling Warper on Mar 25, 2019.
             Slain by Natasha (1 damage)
             ... on level 3 of the Dungeon.
             The game lasted 00:05:27 (3102 turns).

Norn the Grasshopper (Halfling Warper)              Turns: 3102, Time: 00:05:27

Health: 0/35       AC:  3    Str: 11 (12) XL:     5   Next: 7%
Magic:  6/6        EV: 15    Int: 14 (17) God:
Gold:   172        SH:  0    Dex: 13 (14) Spells: 5/7 levels left

rFire    + . .     SeeInvis .   a - +0 falchion
rCold    + . .     Gourm    .   (shield restricted)
rNeg     . . .     Faith    .   b - +0 leather armour
rPois    +         Spirit   .   (no helmet)
rElec    +         Reflect  .   (no cloak)
rCorr    +         Harm     .   (no gloves)
MR       .....                  (no boots)
Stlth    +.........             (no amulet)
HPRegen  0.11/turn              (no ring)
MPRegen  0.10/turn              (no ring)

@: brilliant, resistant, slowed, very slow
A: small, low mp 1, mutation resistance 1
a: no special abilities


You were on level 3 of the Dungeon.
You were not hungry.

You visited 1 branch of the dungeon, and saw 3 of its levels.

You collected 172 gold pieces.

Inventory:

Hand Weapons
 a - a +0 falchion (weapon)
Missiles
 f - 5 tomahawks of dispersal (quivered) {!f}
 k - 105 stones
Armour
 b - a +0 leather armour (worn)
Jewellery
 r - an uncursed ring of ice {unknown}
   (You found it on level 3 of the Dungeon)
Scrolls
 d - 2 scrolls of blinking
 i - 2 scrolls of teleportation {unknown}
 j - a scroll of random uselessness {unknown}
 l - a scroll of fear {unknown}
 o - a scroll of identify {unknown}
 p - 2 scrolls of remove curse {unknown}
 q - a scroll of enchant armour {unknown}
Potions
 g - a potion of ambrosia {unknown}
Comestibles
 e - 2 rations {!d}


   Skills:
 + Level 2.6 Fighting
 * Level 3.3 Long Blades
 - Level 1.0 Throwing
 - Level 1.1 Armour
 + Level 3.2 Dodging
 - Level 1.5 Spellcasting
 + Level 3.7 Translocations


You had 5 spell levels left.
You knew the following spells:

 Your Spells              Type           Power        Failure   Level  Hunger
b - Blink                 Tloc           N/A          1%          2    ###....

Your spell library contained the following spells:

 Spells                   Type           Power        Failure   Level  Hunger
 Shroud of Golubria       Chrm/Tloc      ##........   2%          2    ###....
 Gell's Gravitas          Tloc           ###.......   2%          3    ####...
 Lesser Beckoning         Tloc           ###.......   2%          3    ####...
 Teleport Other           Tloc           ###.....     2%          3    ####...
 Passage of Golubria      Tloc           N/A          8%          4    #####..


Dungeon Overview and Level Annotations

Branches:
Dungeon (3/15)

Altars:
Ashenzari

Annotations:
D:3 Natasha


Innate Abilities, Weirdness & Mutations

You are small and have problems with some larger weapons.
You are somewhat resistant to further mutation.
Your magical capacity is low. (-10% MP)


Message History

Found 15 arrows.
The orc shouts!
You barely miss the orc. The orc hits you but does no damage. x2
You hit the orc. The orc hits you but does no damage.
You hit the orc.
You kill the orc!
No target in view!
Things that are here:
a +0 dagger; an orc corpse You now have 172 gold pieces (gained 9).
Natasha, Servant of Life and Death comes into view.
Natasha hisses angrily.
Natasha stares at you and mumbles some strange words.
You feel yourself slow down.
You see here 18 gold pieces.
You don't know that spell.
You completely miss Natasha. Natasha claws you!
Natasha hisses.
Natasha claws you but does no damage.
You barely miss Natasha. Natasha misses you.
You riposte.
You closely miss Natasha. Natasha claws you!
Your leather armour prevents you from hitting Natasha.
Natasha closely misses you.
You riposte.
You hit Natasha. You closely miss Natasha.
Natasha claws you but does no damage.
Natasha howls an incantation.
Natasha shimmers violently.
Natasha claws you!
* * * LOW HITPOINT WARNING * * *
You closely miss Natasha. Natasha barely misses you. Natasha claws you!
* * * LOW HITPOINT WARNING * * *
You aren't carrying any items that you can evoke.
Unknown command.
It was a potion of mutation.
You feel extremely strange.
You feel less energetic.
Natasha wildly gestures.
Natasha's front paws start to glow.
Natasha claws you but does no damage.
It was a potion of degeneration.
There was something very wrong with that liquid.
You feel weakened.
You feel dopey.
You feel clumsy. Natasha misses you.
You riposte.
You closely miss Natasha. Natasha closely misses you.
You riposte.
You completely miss Natasha.
It was a potion of resistance.
You feel protected. Natasha claws you.
* * * LOW HITPOINT WARNING * * *
It was a potion of brilliance.
You feel clever all of a sudden. Natasha claws you.
You die...

#.......#..#.###
#.......#..(....
#.......#....#
#....##.#....###
#....##......#.###.#
###..##...#..#......
#.. #...#....h..h.
#.. #.....$#.#
#..####.##@#.###.#
#..........h.....#
#...#......#.#####
#..........#.#
#....)##.#.#.#
#.....#....#.#
#.....#..###.#
#.#.#.#### .#
#.#(#.. ..


You could see Natasha.

Vanquished Creatures
  3 adders (D:2)
  4 worms (D:2)
  5 leopard geckos
  2 orcs
  4 bats
  A giant cockroach (D:1)
  8 goblins
  6 hobgoblins
  8 jackals (D:1)
  2 quokkas (D:2)
  3 frilled lizards
  3 kobolds
  5 rats
54 creatures vanquished.

Notes
Turn   | Place    | Note
-------+----------+-------------------------------------------
     0 | D:1      | Norn the Halfling Warper began the quest for the Orb.
     0 | D:1      | Reached XP level 1. HP: 14/14 MP: 3/3
   291 | D:1      | Reached XP level 2. HP: 19/19 MP: 4/4
   623 | D:1      | Learned a level 2 spell: Blink
   784 | D:1      | Reached XP level 3. HP: 24/24 MP: 5/5
  1582 | D:2      | Found a shattered altar of Ashenzari.
  1648 | D:2      | Reached XP level 4. HP: 16/30 MP: 6/6
  3028 | D:2      | Reached XP level 5. HP: 35/35 MP: 7/7
  3089 | D:3      | Noticed Natasha
  3099 | D:3      | Gained mutation: Your magical capacity is low. (-10% MP)
                  | [potion of mutation]
  3101 | D:3      | HP: 1/35 [Natasha (4)]
  3102 | D:3      | Slain by Natasha

Skill      XL: |  1  2  3  4 |
---------------+-------------+-----
Fighting       | 2 |  2.6
Long Blades    | 3 |  3.3
Dodging        | 3 |  3.2
Throwing       | |  1.0
Armour         | |  1.1
Spellcasting   | |  1.5
Translocations | |  3.7

Action                   |  1- 3 |  4- 6 || total
-------------------------+-------+-------++-------
Melee: Falchion          |    99 |    90 ||   189
  Use: Potion            |       |     4 ||     4
  Eat: Chunk             |     2 |     5 ||     7
Armor: Leather armour    |    21 |    13 ||    34
Dodge: Dodged            |   100 |    75 ||   175
       Rpst.: Falchion   |    36 |    33 ||    69
